AoeStats
← mauriken1202

Arabia

504428797Analyzed
1v1 RM · 28d ago on Sep 5, 2026· 47m 36s· 2 players
Game mode
Random Map
Map size
Tiny (2 player)
Population
200
Speed
Normal
Resources
Standard
Victory
Conquest
Starting age
Dark Age
Ending age
Imperial Age
RankedLock teamsTeams togetherTeam positionsShared explorationLock speedFull tech treeHidden civsTurbo modeCheats
Victory
Defeat
🇲🇽 Mongols · Mexico
1653
+13
🇹🇷 Ethiopians · Türkiye
1584
-13
TBD | EYVAZ
4:31 Loom
10:56 Feudal Age
11:57 Double-Bit Axe
13:59 Fletching
23:16 Castle Age
22:03 Horse Collar
23:20 Padded Archer Armor
23:25 Crossbowman
24:08 Bodkin Arrow
25:52 Ballistics
39:07 Imperial Age
40:51 Chemistry
39:52 Bracer
39:15 Arbalester
mauriken1202
6:02 Loom
9:36 Feudal Age
11:24 Double-Bit Axe
13:36 Horse Collar
18:05 Wheelbarrow
21:42 Castle Age
20:20 Gold Mining
21:02 Scale Barding Armor
21:08 Forging
21:27 Bloodlines
21:40 Town Watch
23:05 Bow Saw
23:13 Heavy Plow
31:00 Hand Cart
35:15 Imperial Age
33:48 Ballistics
36:06 Husbandry
36:28 Chain Barding Armor
36:17 Cavalier
39:16 Chemistry
39:31 Forging
43:38 Iron Casting
42:45 Heavy Scorpion
43:54 Light Cavalry
45:11 Siege Engineers
46:30 Blast Furnace
45:21 Fletching
45:21 Hussar
Connection lost

Rejoining the realm…

Still unreachable

The connection could not be restored.

Session expired

The server has moved on; the page needs a fresh start.